 Dungeon Crawl Stone Soup version 0.28.0-45-g0d030f2227 (webtiles) character file.

Game seed: 1894628094456340101

263 Descartes the Covert (level 5, -2/27 HPs)
             Began as a Spriggan Delver on Apr 13, 2022.
             Killed from afar by Natasha (9 damage)
             ... with a magic dart
             ... on level 2 of the Dungeon.
             The game lasted 00:06:07 (3544 turns).

Descartes the Covert (Spriggan Delver)              Turns: 3544, Time: 00:06:07

Health: -2/27      AC:  2    Str: 10    XL:     5   Next: 98%
Magic:  6/6        EV: 19    Int: 11    God:
Gold:   154        SH:  5    Dex: 17    Spells: 4/4 levels left

rFire   . . .      SeeInvis +   a - +0 short sword
rCold   . . .      Faith    .   (no shield)
rNeg    + . .      Spirit   .   b - +0 robe
rPois   .          Reflect  +   (helmet restricted)
rElec   .          Harm     .   (no cloak)
rCorr   .          Rampage  .   (gloves unavailable)
Will    .....                   (boots unavailable)
Stlth   ++++......              n - amulet of reflection
HPRegen 0.09/turn               q - ring of positive energy
MPRegen 0.10/turn               (no ring)

@: very quick
A: very small, no large weapons, unfitting armour, see invisible, speed 3
a: no special abilities


You were on level 2 of the Dungeon.
You visited 1 branch of the dungeon, and saw 5 of its levels.

You collected 154 gold pieces.

Inventory:

Hand Weapons
 a - a +0 short sword (weapon)
Missiles
 h - 89 stones (quivered)
 m - 18 sling bullets
 p - 6 boomerangs
Armour
 b - a +0 robe (worn)
Jewellery
 n - an amulet of reflection (around neck)
 q - a ring of positive energy (left hand)
Wands
 g - a wand of digging (3)
Scrolls
 c - a scroll of fog
 d - a scroll of magic mapping
 e - a scroll of fear
 i - a scroll of blinking {unknown}
 k - 2 scrolls of identify {unknown}
 l - a scroll of enchant weapon {unknown}
 o - a scroll of teleportation {unknown}
Potions
 f - a potion of haste
 j - 2 potions of curing


   Skills:
 - Level 2.4 Fighting
 + Level 3.9 Short Blades
 + Level 4.8 Dodging
 + Level 9.8 Stealth


You had 4 spell levels left.
You didn't know any spells.
Your spell library was empty.

Dungeon Overview and Level Annotations

Branches:
Dungeon (5/15)
 Temple: D:4-7

Altars:

Shops:
D:2 =

Annotations:
D:2 Natasha
D:3 Terence


Innate Abilities, Weirdness & Mutations

You are very small and have problems with some larger weapons.
You are too small for most types of armour.
You have supernaturally acute eyesight. (SInv)
You cover ground extremely quickly. (Speed+++)


Message History

* * * LOW HITPOINT WARNING * * *
You hit Natasha.
Natasha is severely wounded.
Natasha claws you.
* * * LOW HITPOINT WARNING * * *
You hit Natasha.
Natasha is almost dead.
Natasha closely misses you.
You hit Natasha but do no damage.
Natasha is almost dead.
Natasha misses you.
You hit Natasha.
You kill Natasha!
Natasha growls in agony!
Natasha, Servant of Life and Death comes into view.
Natasha hisses angrily.
Natasha closely misses you.
You miss Natasha. You barely miss Natasha. Natasha claws you.
You are too injured to fight recklessly!
You hit Natasha.
Natasha is moderately wounded.
You block Natasha's attack.
You hit Natasha.
Natasha is heavily wounded.
Natasha claws you.
* * * LOW HITPOINT WARNING * * *
You barely miss Natasha.
Natasha is heavily wounded.
Natasha wildly gestures.
You feel disoriented. Natasha barely misses you.
You closely miss Natasha.
Natasha is heavily wounded.
Natasha completely misses you.
You hit Natasha.
Natasha is almost dead.
Natasha casts a spell at you. The magic dart hits you!
You die...

.#...# #.#####.#
.....#############.# #.#
^....'............># #.#
.....#############.# #.#
.....# #...#.# #.# .....#
#.#.#.# #.# ###### #.#.#.#
#.# ##############.#h#.# #.#
......†.#.......@#.## #.#
........#...........# #.#
........#.....<.##..## #.#
........#.......#....###.#
........#.......#........#
................#...##...####
...[............#....#......#
................##.###.####.#
#######.....######.# #....#[#


You could see Natasha.

Vanquished Creatures
  A black bear (D:3)
  Natasha (twice) (D:2)
  A howler monkey zombie (D:5)
  4 adders
  A dart slug (D:3)
  3 worms
  4 orcs
  4 ball pythons
  6 bats
  6 endoplasms
  3 giant cockroaches
  8 goblins
  3 hobgoblins
  6 jackals (D:1)
  3 frilled lizards
  3 kobolds
  6 rats
64 creatures vanquished.

Notes
Turn   | Place    | Note
-------+----------+-------------------------------------------
     0 | D:5      | Descartes the Spriggan Delver began the quest for the Orb.
     0 | D:5      | Reached XP level 1. HP: 11/11 MP: 2/2
    43 | D:5      | Reached XP level 2. HP: 16/16 MP: 3/3
    50 | D:5      | Reached skill level 8 in Stealth
   230 | D:3      | Noticed a black bear
   238 | D:3      | Killed a black bear
   239 | D:3      | Reached skill level 9 in Stealth
   239 | D:3      | Reached XP level 3. HP: 19/19 MP: 4/4
   239 | D:3      | Reached XP level 4. HP: 23/23 MP: 5/5
   365 | D:3      | Noticed Terence
  1005 | D:3      | Noticed Natasha
  1020 | D:3      | Reached XP level 5. HP: 27/27 MP: 6/6
  1670 | D:1      | Found a faded altar of an unknown god.
  2671 | D:2      | Found Xephyji's Jewellery Emporium.
  3253 | D:2      | Killed Natasha
  3354 | D:2      | Noticed Natasha
  3368 | D:2      | HP: 1/27 [Natasha (6)]
  3371 | D:2      | Killed Natasha
  3534 | D:2      | Noticed Natasha
  3544 | D:2      | Killed from afar by Natasha

Illustrated notes

Levels and vault maps discovered:
D:1:      matt_arrival_los_fun, layout_rooms, shapermc_ecumenical_altar_pompeii,
          minmay_splitting_lines, minmay_misc_feat_pillars,
          chequers_serial_rivers_micro_b
D:2:      layout_basic, serial_shops, nicolae_shop_advertising_works
          [nicolae_subvault_shop_adworks]
D:3:      layout_loops_ring, nicolae_overflow_hidden_temple, uniq_natasha,
          uniq_terence
D:4:      layout_basic
D:5:      layout_basic, minmay_temple_entry_trees,
          chequers_serial_rivers_micro_c

Skill      XL: |  1  2  3  4 |
---------------+-------------+-----
Stealth        | 9 |  9.8
Short Blades   | 3 |  3.9
Dodging        | 3 4 |  4.8
Fighting       | |  2.4

Action                   |  1- 3 |  4- 6 || total
-------------------------+-------+-------++-------
Melee: Short sword       |    21 |   239 ||   260
       Punch             |       |     3 ||     3
 Stab: Sleeping          |     4 |    25 ||    29
Armor: Robe              |       |     9 ||     9
Dodge: Dodged            |    14 |   143 ||   157
Block: Other             |       |    14 ||    14
